Map: Ice and Chrome LE

Players

Armani

  • Race: Zerg Zerg
  • Spawn Location: 1:00

Liquidthermy (uThermal) - Winner!

  • Race: Terran Terran
  • Spawn Location: 7:00

Event: StayAtHomestory Cup #2

VOD

Have the link to the VOD?

Description

Time

  • Played on: June 12, 2020, 11:26 a.m.
  • Length: 7:56

All games in this series

Show
View Real Time Build Order
Export as new Build Order

Armani Zerg 

Build Orders: Hatch First 

Get SALT Encoding   

  12  0:00  Drone  
  13  0:12  Overlord  
  13  0:17  Drone  
  14  0:31  Drone x2  
  16  0:46  Drone  
  17  0:52  Hatchery  
  17  0:56  Drone  
  17  1:00  Drone  
  18  1:06  Extractor  
  17  1:16  Spawning Pool  
  16  1:19  Drone  
  16  1:22  Drone  
  18  1:28  Drone  
  19  1:40  Drone  
  20  1:51  Overlord  
  20  2:03  Queen  
  20  2:04  Queen  
  20  2:05  Zergling x4  
  26  2:10  Metabolic Boost  
  26  2:12  Drone  
  27  2:15  Drone  
  27  2:34  Hatchery  
  27  2:35  Zergling x2  
  27  2:38  Drone  
  28  2:50  Spore Crawler  
  27  2:52  Queen  
  27  2:54  Drone  
  27  2:57  Drone  
  32  2:59  Overlord  
  32  3:01  Drone  
  33  3:07  Pneumatized Carapace  
  33  3:09  Drone  
  34  3:13  Drone  
  34  3:14  Drone  
  34  3:17  Drone  
  37  3:20  Drone  
  37  3:23  Drone  
  37  3:24  Drone  
  37  3:26  Drone  
  41  3:32  Queen  
  43  3:37  Overlord  
  43  3:39  Drone  
  44  3:46  Queen  
  46  3:48  Drone  
  46  3:49  Drone x2  
  46  3:53  Drone  
  50  3:58  Zergling x6  
  50  4:00  Drone x3  
  56  4:05  Overlord  
  56  4:07  Drone  
  57  4:19  Queen, Evolution Chamber  
  57  4:20  Evolution Chamber, Overlord  
  57  4:23  Drone  
  58  4:28  Spore Crawler  
  58  4:30  Spore Crawler  
  56  4:31  Drone  
  56  4:32  Drone, Spore Crawler  
  56  4:33  Spore Crawler  
  56  4:38  Zergling x6  
  56  4:39  Zergling x2  
  56  4:41  Zergling x4  
  56  4:44  Drone x2  
  64  4:47  Drone  
  64  4:52  Zerg Ground Armor Level 1  
  65  4:53  Zerg Melee Weapons Level 1  
  65  4:57  Zergling x2  
  66  5:00  Overlord  
  66  5:01  Overlord  
  66  5:02  Extractor  
  65  5:08  Zergling x2  
  65  5:12  Overlord  
  66  5:19  Zergling x12  
  66  5:20  Drone x3  
  74  5:28  Drone x2  
  76  5:30  Drone x4  
  80  5:36  Zergling x6  
  80  5:37  Overlord  
  83  5:44  Overlord  
  70  5:51  Zergling x10  
  70  5:54  Queen  
  70  5:55  Queen  
  76  6:02  Zergling x10  
  69  6:10  Zergling x6  
  57  6:19  Zergling x6  
  56  6:26  Queen, Zergling x2  
  56  6:28  Zergling x4  
  59  6:35  Queen  
  59  6:38  Spine Crawler  
  59  6:39  Zergling x6  
  56  6:42  Spine Crawler  
  52  6:50  Zergling x4  
  51  7:04  Zergling x2  
  51  7:05  Zergling x2  
  45  7:11  Zergling x8  
  45  7:15  Queen x2  
  43  7:19  Zergling x2  
  43  7:23  Zergling x2  
  44  7:34  Drone x2  
  44  7:37  Drone  
  42  7:45  Hatchery  
Show
View Real Time Build Order
Export as new Build Order

Liquidthermy Terran - Winner!

Build Orders: Hellion Opening, Reaper Expand 

Get SALT Encoding   

  12  0:01  SCV  
  13  0:13  SCV  
  14  0:17  Supply Depot  
  14  0:25  SCV  
  15  0:38  SCV  
  15  0:39  Barracks  
  16  0:44  Refinery  
  16  0:50  SCV  
  17  1:02  SCV  
  18  1:15  SCV  
  19  1:27  Orbital Command, Reaper  
  20  1:38  Command Center  
  20  1:49  Supply Depot  
  20  1:53  SCV  
  21  1:59  Marine  
  22  2:05  SCV  
  22  2:08  Factory  
  23  2:12  Refinery  
  23  2:17  SCV  
  23  2:21  Barracks Reactor  
  24  2:29  SCV  
  25  2:41  SCV  
  26  2:52  Orbital Command  
  26  2:53  SCV  
  26  2:54  Starport  
  27  3:02  Hellion x2  
  31  3:06  Barracks Reactor  
  31  3:07  SCV  
  32  3:19  SCV x2  
  34  3:23  Hellion x2  
  38  3:29  Supply Depot  
  38  3:31  SCV x2  
  40  3:43  SCV x2  
  40  3:45  Hellion x2  
  46  3:50  Viking  
  46  3:52  Supply Depot  
  46  3:53  Viking  
  50  3:56  SCV x2  
  52  4:06  Hellion  
  54  4:13  SCV x2  
  54  4:14  Hellion  
  54  4:15  Supply Depot  
  58  4:20  Viking  
  58  4:23  Viking  
  62  4:27  Armory  
  62  4:28  Barracks Tech Lab  
  62  4:37  SCV, Hellion x2  
  67  4:42  Supply Depot  
  67  4:45  Supply Depot  
  67  4:50  Viking  
  67  4:52  SCV  
  70  5:03  Marine, Hellion x2, Viking  
  70  5:04  Stimpack  
  70  5:07  SCV  
  78  5:14  Command Center  
  78  5:15  SCV  
  79  5:21  Marine  
  84  5:29  SCV  
  85  5:40  Marine  
  85  5:42  Barracks, SCV  
  82  5:44  SCV  
  82  5:45  Starport Reactor  
  81  5:50  Factory Tech Lab  
  81  5:55  SCV  
  81  5:56  SCV  
  77  5:58  Marine  
  64  6:07  SCV  
  64  6:10  SCV  
  65  6:15  Marine  
  65  6:18  Engineering Bay x2  
  63  6:19  SCV, Barracks  
  63  6:22  SCV  
  65  6:26  Supply Depot  
  65  6:31  SCV  
  66  6:33  Marine  
  66  6:36  SCV  
  68  6:42  Siege Tank, Medivac x2  
  75  6:48  Marine x2  
  75  6:49  SCV  
  75  6:51  Marine  
  79  6:57  SCV, Refinery  
  79  6:58  Refinery  
  78  7:05  Marine x2  
  78  7:08  SCV, Marine  
  77  7:09  Marine x2  
  77  7:13  SCV  
  77  7:15  Siege Tank  
  77  7:23  Marine x2  
  77  7:24  SCV  
  77  7:25  Barracks x2  
  77  7:26  SCV, Marine  
  77  7:27  Marine  
  83  7:36  SCV  
  76  7:38  SCV  
Tags
 
Add a new tag
Caveats
  • Supply blocks, unpowered buildings, or Contaminate may cause inaccurate times.
  • Supply counts are checked every 10 seconds.